Selects Armored Support Battlegroup
Construct Light Support Kompanie
Selects Superior Fire Drills
Construct Mechanized Kompanie
Panzerjäger Mechanized Group
Panzerjäger Mechanized Group
Construct Panzerarmee Kommand
Selects Stuka Anti-tank Loiter
Panzerjäger Mechanized Group
Walking Stuka Rocket Launcher
254 Reconnaissance Tractor
Walking Stuka Rocket Launcher
254 Reconnaissance Tractor
18-tonne Recovery Half-track
Selects Flammpanzer III Medium Tank
Selects Battlefield Salvage